 Dungeon Crawl Stone Soup version 0.31-a0-152-g6aa68a64a1 (webtiles) character file.

Game seed: 863724926440148734

153 qw the Shooter (level 5, -4/47 HPs)
             Began as a Minotaur Hunter on June 10, 2023.
             Succumbed to their own poison gas
             ... on level 3 of the Dungeon.
             The game lasted 00:00:44 (1958 turns).

qw the Shooter (Minotaur Hunter)                    Turns: 1958, Time: 00:00:44

Health: -4/47      AC:  5    Str: 16    XL:     5   Next: 12%
Magic:  4/4        EV: 11    Int:  6    God:
Gold:   108        SH:  0    Dex: 15    Spells: 4/4 levels left

rFire   . . .        Y - +0 shortbow
rCold   . . .        (shield currently unavailable)
rNeg    . . .        h - +0 ring mail
rPois   .            (helmet restricted)
rElec   .            (no cloak)
rCorr   .            (no gloves)
SInv    .            (no boots)
Will    .....        (no amulet)
Stlth   +            (no ring)
HPRegen 0.27/turn    (no ring)
MPRegen 0.09/turn

%: no passive effects
@: lethally poisoned (-4 -> -54), on berserk cooldown, slowed, very slow
A: horns 2, retaliatory headbutt
a: no special abilities


You were on level 3 of the Dungeon.
You visited 1 branch of the dungeon, and saw 3 of its levels.

You collected 108 gold pieces.


Innate Abilities, Weirdness & Mutations

You have a pair of horns on your head.
You reflexively headbutt those who attack you in melee.


   Skills:
 - Level 4.4 Fighting
 + Level 6.0 Ranged Weapons
 - Level 1.0 Armour
 - Level 2.1 Dodging
 - Level 0.7 Stealth


You had 4 spell levels left.
You didn't know any spells.
Your spell library was empty.

Inventory:

Hand Weapons
 Y - a +0 shortbow (weapon)
Armour
 h - a +0 ring mail (worn)
Wands
 l - a wand of digging (8)
Scrolls
 i - a scroll of identify
Potions
 c - a potion of lignification {unknown}
 d - a potion of might
 e - a potion of mutation {unknown}
 f - a potion of attraction {unknown}
 g - a potion of brilliance {unknown}
 j - a potion of berserk rage

Dungeon Overview and Level Annotations

Branches:
Dungeon (3/15)

Altars:


Message History

As you read the scroll labelled DEDDOPNEYJO, it crumbles to dust.
It is a scroll of identify.
Really abort (and waste the scroll)?
Done exploring.
1952 ||| READING scroll labelled SIENOA UWKIP.
As you read the scroll labelled SIENOA UWKIP, it crumbles to dust.
The air around you briefly surges with heat, but it dissipates.
It was a scroll of immolation.
Done exploring.
1953 ||| DRINKING 2 fizzy orange potions.
It was a potion of berserk rage.
A red film seems to cover your vision as you go berserk!
You feel yourself moving faster!
You feel mighty!
Really walk into that cloud of poison gas?
You feel a strong urge to attack something.
You are engulfed in poison gas.
You are poisoned.
You feel very sick.
Enter note:
Enter note:
Enter note:
Enter note:
Enter note:
Enter note: You are engulfed in poison gas.
You are more poisoned.
You feel very sick.
You feel your anger nearly subside.
You are engulfed in poison gas.
You are more poisoned.
You are no longer berserk.
You are exhausted.
You feel yourself slow down.
You feel very sick.
You're standing in a cloud of poison gas!
You are engulfed in poison gas.
You are more poisoned.
You feel extremely sick.
You're standing in a cloud of poison gas!
You are engulfed in poison gas.
You are more poisoned.
You die...

..## #......[#
###....###.# ...#
####.#### #.##.# #.# ..##
#.# #.##.###.# .##### #.#
#.##..##.## .....# #.#
#.###.##... ####)# #.# #.#
#.##### # #%######.# #.#
#.# # #
#........###########.###.#
# #
##########¤0¤@000¤....##.#
# #######
#.#######.##.##.# #
.....)# #.# #.##.##.# #
#####.# #.# #.##.##.# # #
#.# #.# #.##.##.# # # #.#
#.# ###.##.##.# # # #.#
#.# #.<.##.##.# # #####.#
#.# #.####.##.# # ......#
#.# #.# #.##.# #


There were no monsters in sight!

Vanquished Creatures
  An orc priest (D:3)
  A hound (D:3)
  3 adders
  A worm (D:3)
  2 dart slugs
  3 orcs (D:3)
  2 ball pythons
  4 bats
  8 endoplasms
  2 giant cockroaches (D:3)
  2 hobgoblins
  5 jackals (D:3)
  3 kobolds
  8 frilled lizards
  8 goblins
  4 rats
57 creatures vanquished.

Notes
Turn   | Place    | Note
-------+----------+-------------------------------------------
     0 | D:1      | qw the Minotaur Hunter began the quest for the Orb.
     0 | D:1      | Reached XP level 1. HP: 18/18 MP: 0/0
     0 | D:1      | 0 ||| qw: Version: 0.2-a-122-gbc61b45
     0 | D:1      | 0 ||| qw: Game counter: 3593
     0 | D:1      | 0 ||| qw: Always use a shield: true
     0 | D:1      | 0 ||| qw: God list: Okawaru
     0 | D:1      | 0 ||| qw: Allow faded altars: false
     0 | D:1      | 0 ||| qw: Do Orc after D:15 true
     0 | D:1      | 0 ||| qw: Do second Lair branch before Depths: true
     0 | D:1      | 0 ||| qw: Lair rune preference: random
     0 | D:1      | 0 ||| qw: Plans: Normal
     0 | D:1      | 0 ||| PLANNING D:1-11
   362 | D:1      | Reached XP level 2. HP: 25/25 MP: 1/1
   399 | D:1      | Reached skill level 5 in Ranged Weapons
   499 | D:1      | 499 ||| UPGRADING to +0 ring mail.
   509 | D:1      | 509 ||| DROPPING +0 leather armour.
   510 | D:1      | 510 ||| DROPPING scroll of butterflies.
   589 | D:2      | Reached skill level 1 in Armour
   607 | D:2      | Reached skill level 3 in Fighting
   607 | D:2      | Reached XP level 3. HP: 22/31 MP: 2/2
  1092 | D:2      | Found a faded altar of an unknown god.
  1359 | D:2      | 1359 ||| READING scroll labelled XOMOLI GIDEEN.
  1360 | D:2      | 1360 ||| DRINKING 2 yellow potions.
  1460 | D:3      | Reached skill level 6 in Ranged Weapons
  1460 | D:3      | Reached XP level 4. HP: 36/38 MP: 3/3
  1716 | D:3      | Reached XP level 5. HP: 46/47 MP: 4/4
  1949 | D:3      | 1949 ||| READING scroll labelled CAGING CULY.
  1950 | D:3      | 1950 ||| READING scroll labelled BEAVUA XUFUE.
  1951 | D:3      | 1951 ||| READING 2 scrolls labelled DEDDOPNEYJO.
  1952 | D:3      | 1952 ||| READING scroll labelled SIENOA UWKIP.
  1953 | D:3      | 1953 ||| DRINKING 2 fizzy orange potions.
  1958 | D:3      | HP: 10/47 [cloud of poison gas (8)]
  1958 | D:3      | Succumbed to their own poison gas

Levels and vault maps discovered:
D:1:      wander_arrival_estate, layout_loops_ring
D:2:      layout_basic, ebering_ecumenical_altar_mist, minmay_lizard_pond
D:3:      layout_loops_ring, st_stairs_8

Skill      XL: |  1  2  3  4 |
---------------+-------------+-----
Ranged Weapons | 5 6 |  6.0
Armour         | 1 |  1.0
Fighting       | 3 4 |  4.4
Dodging        | |  2.1
Stealth        | |  0.7

Action                     |  1- 3 |  4- 6 || total
---------------------------+-------+-------++-------
   Fire: Shortbow          |   100 |    59 ||   159
    Use: Scroll            |     1 |     4 ||     5
         Potion            |     1 |     1 ||     2
 Armour: Leather armour    |     2 |       ||     2
         Ring mail         |     9 |     4 ||    13
  Dodge: Dodged            |    15 |    12 ||    27

Table legend:
 A = Non-vault XP
 B = Vault XP
 C = Vault XP percentage of total XP
 D = Non-vault monster count
 E = Vault monster count
 F = Vault count percentage of total count
                 A         B        C        D         E       F
            +---------+---------+-------+---------+---------+-------
      Total |     208 |      11 |   5.0 |      51 |       6 |  10.5
            +---------+---------+-------+---------+---------+-------
        D:1 |      20 |       0 |   0.0 |      10 |       0 |   0.0
        D:2 |      51 |       5 |   8.9 |      16 |       5 |  23.8
        D:3 |     137 |       6 |   4.2 |      25 |       1 |   3.8
            +---------+---------+-------+---------+---------+-------
